 Dungeon Crawl Stone Soup version 0.26.0-20-g3ca415f5b8 (webtiles) character file.

Game seed: 88163024847314394

11007843 Gduck the Ogre Mage (level 27, 300/300 HPs)
             Began as an Ogre Hedge Wizard on Jan 13, 2021.
             Was the Champion of Ashenzari.
             Escaped with the Orb
             ... and 13 runes on Jan 24, 2021!
             The game lasted 09:58:17 (111122 turns).

Gduck the Ogre Mage (Ogre Hedge Wizard)           Turns: 111122, Time: 09:58:17

Health: 300/300    AC: 29    Str: 24    XL:     27
Magic:  70/75      EV: 14    Int: 32    God:    Ashenzari [******]
Gold:   7507       SH: 27    Dex:  8    Spells: 12/80 levels left

rFire    + + .     SeeInvis +   W - +4 broad axe "Veibrim" {freeze, MP+9 Str+4} (curse)
rCold    . . .     Faith    .   D - +7 tower shield "Gaddill" {Will+ rCorr Int+2} (curse)
rNeg     + + .     Spirit   .   c - +8 fire dragon scales (curse)
rPois    .         Reflect  .   V - +3 crown of Dyrovepreva {rElec Int+2 SInv} (curse)
rElec    +         Harm     .   M - +1 cloak {Will+} (curse)
rCorr    +         Rampage  .   (gloves unavailable)
Will     ++++.     Clarity  +   (boots unavailable)
Stlth    +.........             I - amulet "Gipirid" {RegenMP rN++ MP+9} (curse)
HPRegen  0.60/turn              p - ring of magical power (curse)
MPRegen  0.69/turn              Y - ring of Immorality {rC+ Int+4 Stlth+} (curse)

@: no status effects
A: large, unfitting armour, beak, talons 1, camouflage 1, blink, low mp 1, sense
surroundings 1, shaggy fur 2, electricity resistance, tough skin 1, weak 1, wild
magic 1
0: Orb of Zot
}: 13/15 runes: serpentine, barnacled, slimy, silver, iron, obsidian, bone,
abyssal, demonic, glowing, magical, fiery, dark
a: Blink, Renounce Religion, Curse Item, Scrying, Transfer Knowledge


You escaped.
You worshipped Ashenzari.
Ashenzari was exalted by your worship.
You visited 16 branches of the dungeon, and saw 80 of its levels.
You visited Pandemonium 3 times, and saw 21 of its levels.
You visited the Abyss 4 times.
You also visited: Gauntlet and Ice Cave.

You collected 13037 gold pieces.
You spent 5530 gold pieces at shops.

Inventory:

Hand Weapons
 O - a +0 long sword
 W - the cursed +4 broad axe "Veibrim" (weapon) {freeze, MP+9 Str+4}
   (You found it on level 14 of the Dungeon)

   It has been specially enchanted to freeze those struck by it, causing extra
   injury to most foes and up to half again as much damage against particularly
   susceptible opponents.
   It can also slow down cold-blooded creatures.
   It affects your strength (+4).
   It affects your magic capacity (+9).
   It has a curse placed upon it.
Missiles
 d - 96 large rocks
Armour
 c - cursed +8 fire dragon scales (worn)
 D - the cursed +7 tower shield "Gaddill" (worn) {Will+ rCorr Int+2}
   (You acquired it on level 5 of the Vaults)

   It affects your intelligence (+2).
   It affects your willpower, your defense against some magical effects.
   It provides partial protection from all sources of acid and corrosion.
   It has a curse placed upon it.
 M - a cursed +1 cloak of willpower (worn)
 V - the cursed +3 crown of Dyrovepreva (worn) {rElec Int+2 SInv}
   (You found it on level 3 of the Crypt)

   It affects your intelligence (+2).
   It insulates you from electricity.
   It lets you see invisible.
   It has a curse placed upon it.
Jewellery
 p - a cursed ring of magical power (left hand)
 v - an uncursed ring of flight
 I - the cursed amulet "Gipirid" (around neck) {RegenMP rN++ MP+9}
   (You took it off a deep elf sorcerer on level 3 of the Elven Halls)

   [amulet of magic regeneration]

   It increases your magic regeneration.
   It greatly protects you from negative energy.
   It affects your magic capacity (+9).
   It has a curse placed upon it.
 N - an uncursed ring of magical power
 S - an uncursed ring of wizardry
 T - a +4 ring of protection
 Y - the cursed ring of Immorality (right hand) {rC+ Int+4 Stlth+}
   (You took it off a yaktaur on level 5 of the Vaults)

   [ring of protection from cold]

   It affects your intelligence (+4).
   It protects you from cold.
   It makes you more stealthy.
   It has a curse placed upon it.
Wands
 k - a wand of iceblast (79)
 H - a wand of acid (26)
 J - a wand of flame (39)
 P - a wand of digging (24)
 X - a wand of disintegration (10)
Scrolls
 a - 2 scrolls of brand weapon
 b - 7 scrolls of silence
 i - 14 scrolls of enchant armour
 j - 7 scrolls of blinking
 l - 11 scrolls of enchant weapon
 m - 9 scrolls of fear
 o - 4 scrolls of magic mapping
 s - 29 scrolls of teleportation
 x - 15 scrolls of remove curse
 y - 18 scrolls of amnesia
 B - 6 scrolls of fog
 F - 38 scrolls of identify
 U - 12 scrolls of immolation
Potions
 e - 13 potions of ambrosia
 h - 11 potions of cancellation
 n - 12 potions of haste
 q - 10 potions of heal wounds
 r - 4 potions of berserk rage
 t - 6 potions of flight
 u - 15 potions of attraction
 w - 8 potions of mutation
 A - 29 potions of curing
 C - 4 potions of resistance
 E - 5 potions of magic
 G - 10 potions of lignification
 K - 9 potions of brilliance
 L - 12 potions of might
Miscellaneous
 f - a phial of floods
 z - a phantom mirror
 Q - a condenser vane
 R - a lightning rod (4/4)
 Z - a box of beasts


   Skills:
 - Level 22.2 Fighting
 - Level 2.4 Short Blades
 - Level 17.2(21.0) Axes
 + Level 10.0(14.3) Armour
 + Level 14.0(18.0) Dodging
 - Level 1.4 Stealth
 + Level 13.0(15.7) Shields
 O Level 27 Spellcasting
 - Level 21.6(25.0) Conjurations
 - Level 2.1(5.5) Summonings
 - Level 7.0(11.5) Necromancy
 - Level 1.0(3.5) Translocations
 - Level 20.5(24.0) Fire Magic
 + Level 21.8(25.2) Ice Magic
 + Level 21.8(25.2) Air Magic
 - Level 4.1(8.3) Earth Magic
 - Level 1.0(3.5) Poison Magic
 - Level 11.0(15.2) Evocations


You had 12 spell levels left.
You knew the following spells:

 Your Spells              Type           Power        Failure   Level
a - Magic Dart            Conj           100%         1%          1
b - Blink                 Tloc           N/A          1%          2
c - Ozocubu's Refrigerat  Ice            66%          1%          6
d - Tornado               Air            66%          6%          9
e - Apportation           Tloc           100%         1%          1
f - Fire Storm            Conj/Fire      65%          8%          9
g - Bolt of Magma         Conj/Fire/Erth 60%          1%          5
h - Iskenderun's Mystic   Conj/Tloc      100%         1%          4
i - Orb of Destruction    Conj           66%          1%          7
j - Iskenderun's Battles  Conj           100%         1%          5
k - Sublimation of Blood  Necr           50%          1%          2
l - Absolute Zero         Ice            66%          6%          9
m - Ignition              Fire           65%          1%          8

Your spell library contained the following spells:

 Spells                   Type           Power        Failure   Level
 Animate Skeleton         Necr           100%         1%          1
 Beastly Appendage        Tmut           100%         1%          1
 Corona                   Hex            64%          1%          1
 Foxfire                  Conj/Fire      100%         1%          1
 Freeze                   Ice            100%         1%          1
 Pain                     Necr           100%         1%          1
 Sandblast                Erth           100%         1%          1
 Summon Small Mammal      Summ           100%         1%          1
 Call Imp                 Summ           80%          1%          2
 Corpse Rot               Necr/Air       N/A          1%          2
 Ensorcelled Hibernation  Hex/Ice        100%         1%          2
 Passwall                 Tmut/Erth      63%          1%          2
 Poisonous Vapours        Pois/Air       100%         1%          2
 Searing Ray              Conj           100%         1%          2
 Swiftness                Air            100%         1%          2
 Call Canine Familiar     Summ           80%          1%          3
 Conjure Flame            Conj/Fire      100%         1%          3
 Dazzling Flash           Conj/Hex       100%         1%          3
 Frozen Ramparts          Ice            100%         1%          3
 Gell's Gravitas          Tloc           35%          1%          3
 Ignite Poison            Fire/Tmut/Pois 94%          1%          3
 Inner Flame              Hex/Fire       100%         1%          3
 Lesser Beckoning         Tloc           35%          1%          3
 Mephitic Cloud           Conj/Pois/Air  100%         1%          3
 Ozocubu's Armour         Ice            100%         1%          3
 Static Discharge         Conj/Air       100%         1%          3
 Stone Arrow              Conj/Erth      100%         1%          3
 Vampiric Draining        Necr           50%          1%          3
 Animate Dead             Necr           50%          1%          4
 Dispel Undead            Necr           100%         1%          4
 Fulminant Prism          Conj/Hex       52%          1%          4
 Hailstorm                Conj/Ice       100%         1%          4
 Ice Form                 Ice/Tmut       100%         1%          4
 Sticky Flame             Conj/Fire      100%         1%          4
 Summon Ice Beast         Ice/Summ       100%         1%          4
 Agony                    Necr           100%         1%          5
 Borgnjor's Vile Clutch   Necr/Erth      47%          1%          5
 Excruciating Wounds      Necr           50%          1%          5
 Fireball                 Conj/Fire      65%          1%          5
 Lightning Bolt           Conj/Air       66%          1%          5
 Metabolic Englaciation   Hex/Ice        52%          1%          5
 Silence                  Hex/Air        52%          1%          5
 Freezing Cloud           Conj/Ice/Air   66%          1%          6
 Iron Shot                Conj/Erth      57%          1%          6
 Simulacrum               Ice/Necr       59%          1%          6
 Starburst                Conj/Fire      65%          1%          6
 Chain Lightning          Conj/Air       66%          1%          8
 Slow                     Hex            58%          2%          2
 Wereblood                Tmut           58%          2%          2
 Lee's Rapid Deconstruct  Erth           45%          2%          5
 Portal Projectile        Hex/Tloc       100%         3%          3
 Spider Form              Tmut/Pois      32%          3%          3
 Leda's Liquefaction      Hex/Erth       38%          3%          4
 Petrify                  Tmut/Erth      76%          3%          4
 Spellforged Servitor     Conj/Summ      55%          3%          7
 Confusing Touch          Hex            58%          4%          3
 Tukima's Dance           Hex            58%          4%          3
 Olgreb's Toxic Radiance  Pois           71%          4%          4
 Passage of Golubria      Tloc           N/A          4%          4
 Summon Forest            Summ/Tloc      38%          8%          5
 Cause Fear               Hex            29%          13%         4
 Lehudib's Crystal Spear  Conj/Erth      57%          13%         8
 Alistair's Intoxication  Tmut/Pois      43%          21%         5
 Blade Hands              Tmut           29%          32%         5
 Yara's Violent Unravell  Hex/Tmut       29%          32%         5
 Statue Form              Tmut/Erth      50%          36%         6
 Dispersal                Tloc           35%          47%         6
 Eringya's Noxious Bog    Tmut/Pois      32%          67%         6
 Invisibility             Hex            58%          86%         6
 Malign Gateway           Summ/Tloc      38%          88%         7
 Dragon Form              Tmut           29%          100%        7
 Discord                  Hex            29%          100%        8
 Disjunction              Tloc           35%          100%        8
 Dragon's Call            Summ           40%          100%        9
 Shatter                  Erth           45%          100%        9


Dungeon Overview and Level Annotations

Branches:
Dungeon (15/15)            Temple (1/1) D:5            Lair (6/6) D:11
 Shoals (4/4) Lair:4        Snake (4/4) Lair:4        Slime (5/5) Lair:5
    Orc (2/2) D:10            Elf (3/3) Orc:2        Vaults (5/5) D:14
  Crypt (3/3) Vaults:3       Tomb (0/3) Crypt:3      Depths (5/5) D:15
   Hell (visited)             Dis (7/7) Hell            Geh (7/7) Hell
    Tar (7/7) Hell            Zot (5/5) Depths:5      IceCv (visited)
Gauntlet (visited)
    Coc: Hell:1

Altars:
Ashenzari
Cheibriados
Dithmenos
Elyvilon
Fedhas
Gozag
Hepliaklqana
Kikubaaqudgha
Makhleb
Nemelex Xobeh
Okawaru
Qazlal
Ru
Sif Muna
Trog
Uskayaw
Vehumet
Wu Jian
Xom
Yredelemnul
Zin
The Shining One
Jiyva

Shops:
D:5 *   D:10 (!   D:15 }   Orc:2 :?}*   Elf:1 :([[   Elf:2 [   Shoals:1 [
Snake:1 }}=   Vaults:4 (

Portals:
Hell: Depths:1 Depths:2 Depths:3 Depths:4 Depths:5
Abyss: Depths:4
Pandemonium: Depths:3 Depths:4
Ziggurat: Depths:2
Trove: D:11 (show slimy rune of Zot)

Annotations:
D:6 exclusion: 2 doors
Lair:1 exclusion: 2 oklob plants
Lair:4 3 runed translucent doors, KamiKatze's ghost, journeyman GrMo
Shoals:1 1 runed translucent door, xzight's ghost, adept MiBe
Snake:4 Mara
Elf:2 3 runed translucent doors


Innate Abilities, Weirdness & Mutations

You are too large for most types of armour.
You have tough skin. (AC +1)
You have a beak for a mouth.
You have sharp toenails.
Your skin changes colour to match your surroundings (Stealth+).
You can translocate small distances at will.
Your magical capacity is low. (-10% MP)
You passively map a small area around you.
You are covered in thick fur. (AC +2)
You are resistant to electric shocks. (rElec)
You are weak. (Str -2)
Your spells are a little harder to cast, but a little more powerful.


Message History

The bolt of dispelling energy misses you.
Unknown command.
Casting: Tornado (dangerous; 6% risk of failure)
Confirm with . or Enter, or press ? or * to list all spells.
Casting: Absolute Zero (dangerous; 6% risk of failure)
Press: ? - help, Dir - look around, f - activate You chill Caifuar to absolute zero!
Caifuar is frozen into a solid block of ice!
You kill Caifuar!
You destroy the pandemonium lord shaped block of ice!
Your base Dodging skill increases to level 14!
The winds around you start to calm down.
You float gracefully downwards.
You are engulfed in raging winds.
The winds around you calm down.
There is a fountain of clear blue water here.
You see here a +0 dagger.
There is an open door here.
There is a staircase leading out of the dungeon here.
You have escaped!

#############
#@.#.....#..#
#..###'###..#
#..'.....'..#
####).#..####
#....###....#
#.....#.....#
#.#.⌠.#.⌠.#.#
#.#....)..#.#
#.###...###.#


There were no monsters in sight!

Vanquished Creatures
  Cerebov (Pan)
  Asmodeus (Geh:7)
  the Royal Jelly (Slime:5)
  Dissolution (Slime:5)
  Gloorx Vloq (Pan)
  Ereshkigal (Tar:7)
  Lom Lobon (Pan)
  Mnoleg (Pan)
  A seraph (Pan)
  3 ancient liches
  Dispater (Dis:7)
  3 orbs of fire (Zot:5)
  2 juggernauts
  5 Killer Klowns (Zot:5)
  Xtahua (Vaults:2)
  Geryon (Hell)
  13 golden dragons
  5 pandemonium lords
  Jory (Vaults:3)
  A profane servitor (Crypt:3)
  A pearl dragon (Pan)
  7 iron giants
  15 bone dragons
  2 electric golems (Zot:5)
  5 doom hounds
  22 Brimstone Fiends
  26 Tzitzimimeh
  2 hellephants
  Rupert (D:15)
  23 tentacled monstrosities
  3 Ice Fiends
  8 liches
  3 titans (Vaults:5)
  2 deep elf blademasters (Elf:3)
  Jorgrun (D:13)
  8 Hell Sentinels
  28 Orb Guardians
  13 quicksilver dragons
  3 deep elf master archers (Elf:3)
  7 tentacled starspawn
  20 acid blobs
  17 Executioners
  4 sphinxes
  3 krakens
  7 death cobs
  10 ancient champions
  6 shadow dragons
  Agnes (D:14)
  Kirke (D:13)
  5 tengu reavers
  Ilsuiw (Shoals:3)
  3 draconian monks
  11 storm dragons
  13 azure jellies
  9 nagarajas
  6 frost giants
  9 fire giants
  A revenant (Crypt:3)
  13 deep elf sorcerers
  9 daevas (Pan)
  10 draconian scorchers
  4 iron dragons (Dis:7)
  10 deep elf elementalists
  5 curse skulls
  An orc warlord (Orc:2)
  33 balrugs
  17 vault wardens
  Aizul (Vaults:3)
  Louise (D:14)
  3 warmongers (Pan)
  22 angels
  4 ghost moths
  5 draconian annihilators
  2 spriggan defenders
  2 juggernaut zombies
  23 cacodemons
  3 ghouls
  12 draconian stormcallers
  64 reapers
  17 stone giants
  4 draconian shifters
  16 ironheart preservers
  11 war gargoyles
  3 caustic shrike skeletons (Depths:3)
  4 juggernaut skeletons
  4 blood saints (Pan)
  6 black draconians
  34 very ugly things
  13 green draconians
  6 corrupters (Pan)
  12 vampire knights
  12 ophanim (Pan)
  13 apis (Pan)
  An entropy weaver (Vaults:2)
  A spark wasp (shapeshifter) (Vaults:5)
  5 deep elf demonologists
  14 purple draconians
  5 white draconians
  10 yellow draconians
  A spectral titan (Crypt:3)
  11 deep elf annihilators
  Nessos (Lair:5)
  7 lorocyprocas
  12 spark wasps
  A minotaur (Gauntlet)
  7 red draconians
  3 eidola
  6 merfolk javelineers
  5 blizzard demons
  14 ettins
  6 deep elf death magi
  A quicksilver dragon zombie (Tar:1)
  3 death oozes
  A crystal guardian (Vaults:5)
  Josephine (Lair:6)
  12 fire dragons
  7 merfolk impalers
  12 great orbs of eyes
  8 green deaths
  15 yaktaur captains
  9 deep elf high priests
  27 jiangshi
  4 rakshasas
  A shambling mangrove (Abyss:4)
  A spectral kraken (Tar:7)
  An ice dragon (shapeshifter) (Vaults:5)
  12 naga warriors
  2 ghost crabs
  4 quicksilver dragon skeletons
  5 spriggan air magi
  32 vault guards
  5 monstrous demonspawn (Pan)
  11 centaur warriors
  12 ice dragons
  7 hydras
  8 boulder beetles
  4 hell beasts
  3 merfolk aquamancers (Shoals:4)
  7 ogre magi
  13 anacondas
  A satyr (Shoals:4)
  18 two-headed ogres
  11 dancing weapons
  7 death knights
  7 death yaks
  14 deep troll earth magi
  17 hell hogs
  11 deep troll shamans
  8 tengu warriors
  Urug (Orc:2)
  4 titan zombies
  5 shock serpents
  3 orc high priests (Orc:2)
  7 thrashing horrors
  9 vampire magi
  9 naga sharpshooters
  36 sun demons
  37 large abominations
  5 spriggan berserkers
  5 storm dragon zombies
  9 wretched stars
  43 hell knights
  19 deep elf knights
  10 titan skeletons
  4 iron golems
  2 ghost moth zombies
  26 sixfirhies
  37 soul eaters
  43 slime creatures
  A goliath frog (shapeshifter) (Vaults:5)
  5 storm dragon skeletons
  13 cherubim
  113 skeletal warriors
  4 death drakes
  11 shadow wraiths
  A fire crab (Abyss:4)
  16 wizards
  A quicksilver dragon simulacrum (Crypt:3)
  30 shadow demons
  8 glowing orange brains
  A glowing orange brain (shapeshifter) (Depths:1)
  6 iron trolls
  3 salamander mystics
  11 sea snakes
  A kraken simulacrum (Shoals:4)
  16 starcursed masses (Abyss:4)
  7 infernal demonspawn
  19 flayed ghosts
  2 gelid demonspawn (Pan)
  36 deep trolls
  A golden dragon zombie (Tar:7)
  5 unseen horrors
  A bog body (Crypt:1)
  16 ironbrand convokers
  A swamp dragon (shapeshifter) (Elf:3)
  3 torturous demonspawn
  2 wolf spider zombies
  10 naga ritualists
  2 tengu zombies
  3 shadow dragon zombies
  3 anaconda zombies
  4 harpies (Shoals:4)
  An orange crystal statue (Depths:4)
  17 phantasmal warriors
  8 golden dragon skeletons
  14 necromancers
  4 lindwurms (Lair:6)
  19 deep elf archers
  4 anaconda skeletons
  3 fauns (Shoals:4)
  74 deep elf magi
  7 mana vipers
  3 sphinx skeletons (Depths:3)
  8 fire giant zombies
  13 orc knights
  7 manticores
  An orb spider (shapeshifter) (Vaults:2)
  8 orc sorcerers
  A shining eye (Slime:5)
  3 wolf spiders
  4 frost giant zombies
  2 shadow dragon skeletons
  7 stone giant zombies
  38 ugly things
  3 tengu skeletons (Depths:3)
  36 black mambas
  18 moths of wrath
  11 salamanders
  5 iron dragon zombies
  4 cyclopes
  A spectral ice dragon (Crypt:3)
  A worldbinder (Abyss:4)
  11 elephants (Lair:2)
  6 merfolk sirens
  A moth of wrath (shapeshifter) (Vaults:5)
  6 frost giant skeletons
  3 iron dragon skeletons
  A manticore (shapeshifter) (Depths:4)
  A water nymph (Shoals:4)
  4 dire elephant zombies
  2 eyes of devastation (Slime:5)
  31 rust devils
  An ice statue (IceCv)
  6 stone giant skeletons
  4 guardian serpents
  A shock serpent zombie (Crypt:1)
  8 fire giant skeletons
  A torpor snail (Gauntlet)
  A gargoyle (D:14)
  32 smoke demons
  2 shock serpent skeletons
  17 vault sentinels
  14 molten gargoyles
  16 cane toads
  22 naga magi
  22 orange demons
  4 minotaur zombies
  3 kobold demonologists (D:14)
  7 spectral swamp worms (Tar:7)
  A pale draconian zombie (Crypt:2)
  4 emperor scorpion zombies
  27 freezing wraiths
  62 yaktaurs
  A cane toad (shapeshifter) (Depths:5)
  7 komodo dragons
  35 hellions
  7 dire elephant skeletons
  10 rime drakes
  3 elf skeletons (Depths:3)
  A yaktaur (shapeshifter) (Vaults:2)
  21 efreet
  5 ancient zymes
  9 demonic crawlers (Pan)
  A golden dragon simulacrum (Depths:4)
  3 guardian mummies
  18 ice devils
  31 tormentors
  2 queen bees (shapeshifter) (Depths:2)
  3 harpy zombies
  2 minotaur skeletons
  20 merfolk
  5 tengu conjurers
  7 hydra zombies
  A polar bear (shapeshifter) (Vaults:1)
  18 hellwings
  A jumping spider (shapeshifter) (D:15)
  2 silent spectres
  A wind drake (shapeshifter) (D:14)
  5 meliai (Abyss:3)
  25 red devils
  A black draconian skeleton (Geh:6)
  3 trolls
  4 hydra skeletons
  6 polar bears
  2 queen bees
  4 ice dragon zombies
  20 hornets
  A deep troll zombie (Hell)
  A tengu simulacrum (Vaults:3)
  3 wind drakes (Shoals:3)
  An alligator zombie (Geh:3)
  6 harpy skeletons
  3 fire dragon zombies
  3 ettin zombies
  14 raiju
  11 dream sheep
  A blink frog (shapeshifter) (Depths:1)
  4 snapping turtles
  2 meliai zombies
  18 blink frogs
  A guardian serpent zombie (Crypt:1)
  A frost giant simulacrum (Depths:4)
  128 flying skulls
  A spriggan zombie (Hell)
  A fire giant simulacrum (Vaults:3)
  2 human simulacra
  A stone giant simulacrum (Tar:7)
  7 centaur simulacra
  7 ettin skeletons
  7 fire dragon skeletons
  A guardian serpent skeleton (Crypt:1)
  15 spriggans
  2 black mamba zombies
  An air elemental (Elf:2)
  20 shadows
  3 ice dragon skeletons
  45 yaks
  A redback (Vaults:2)
  48 wraiths
  A vampire (D:12)
  2 elf zombies
  5 wyverns
  10 ynoxinuls
  5 hogs (D:13)
  20 water elementals
  6 basilisks
  10 small abominations
  16 fire elementals
  26 neqoxecs
  7 golden eyes
  11 chaos spawn
  A steam dragon (D:11)
  4 vampire mosquitoes
  2 black mamba skeletons
  5 wargs
  A merfolk zombie (Geh:7)
  An acid dragon (Vaults:1)
  54 nagas
  21 water moccasins
  A monstrous demonspawn zombie (Dis:2)
  A faun zombie (Crypt:1)
  A soldier ant (shapeshifter) (Vaults:3)
  A cane toad zombie (Dis:6)
  2 floating eyes
  Duvessa (D:7)
  94 hell hounds
  13 ice beasts
  43 orc warriors
  2 snapping turtle zombies
  2 eyes of draining
  4 black bears
  27 necrophages
  2 alligator simulacra (IceCv)
  3 cane toad skeletons
  An ettin simulacrum (Crypt:2)
  A manticore zombie (Geh:7)
  18 ogres
  2 sky beasts
  4 swamp dragon zombies
  7 phantoms
  8 snapping turtle skeletons
  41 wolves
  11 boggarts
  A centaur (shapeshifter) (Vaults:5)
  27 centaurs
  2 swamp dragon skeletons
  A manticore skeleton (Crypt:2)
  5 yaktaur zombies
  8 big kobolds
  Blork the orc (D:3)
  2 earth elementals
  A wyvern zombie (D:14)
  Dowan (D:6)
  A yaktaur skeleton (Crypt:1)
  14 bullfrogs
  A glowing shapeshifter simulacrum (Depths:4)
  2 human skeletons
  2 water moccasin skeletons
  7 scorpions
  An elephant simulacrum (IceCv)
  28 killer bees
  A swamp dragon simulacrum (Crypt:2)
  A troll skeleton (Crypt:1)
  60 wights
  An electric eel (Snake:2)
  6 howler monkeys
  8 crimson imps
  5 centaur zombies
  2 bullfrog zombies
  2 lava snakes (D:9)
  A quasit (Abyss:2)
  4 centaur skeletons
  4 hounds
  18 orc priests
  2 draconian simulacra (IceCv)
  4 bullfrog skeletons
  20 iron imps
  5 jellies
  28 orc wizards
  3 iguanas
  7 worker ants
  16 hell rats
  3 spriggan simulacra (IceCv)
  A polar bear simulacrum (IceCv)
  3 troll simulacra (IceCv)
  2 ogre zombies
  A naga zombie (Tar:7)
  An ogre skeleton (Crypt:1)
  A hound skeleton (D:3)
  6 mummies
  2 worker ant zombies
  13 adders
  7 gnolls
  2 howler monkey skeletons
  2 naga simulacra (IceCv)
  4 ogre simulacra (IceCv)
  5 river rats (Lair:3)
  17 shadow imps
  20 white imps
  4 ufetubi
  4 oozes
  3 adder zombies
  2 adder skeletons
  2 worms
  3 dart slugs (D:1)
  5 leopard geckos
  98 orcs
  2 ball pythons
  5 giant cockroaches
  5 goblins
  4 hobgoblins
  11 jackals
  31 kobolds
  4 quokkas
  5 bats (D:1)
  3 frilled lizards
  A giant cockroach zombie (D:3)
  2 gnoll zombies (D:2)
  A goblin zombie (Crypt:1)
  A jackal skeleton (D:4)
  2 leopard gecko skeletons
  An orc skeleton (Crypt:2)
  An orc zombie (Dis:6)
  A quokka skeleton (D:3)
  A quokka zombie (D:5)
  18 rats
  41 blocks of ice
  43 fire vortices
  A lurking horror (Abyss:3)
  9 starspawn tentacles
  10 tentacles
4358 creatures vanquished.

Vanquished Creatures (collateral kills)
  An ancient lich (Depths:2)
  2 acid blobs (Slime:5)
  An Executioner (Pan)
  An azure jelly (Slime:5)
  A draconian knight (Zot:1)
  A vault warden (Vaults:5)
  A draconian annihilator (Depths:5)
  A naga warrior (Snake:2)
  A skeletal warrior (Dis:7)
  A gelid demonspawn (Pan)
  A shadow dragon skeleton (Depths:3)
  An ancient zyme (Abyss:4)
  A freezing wraith (Abyss:4)
  A large abomination (Abyss:4)
  A phantom (D:6)
  An ogre (D:5)
  A bullfrog (Lair:2)
  2 scorpions
  8 killer bees (Lair:1)
  A quasit (D:6)
  A jelly (D:5)
  A gnoll shaman (D:4)
  An iguana (D:4)
  A worker ant (D:6)
  A worker ant zombie (D:3)
  5 gnolls (D:4)
  An ufetubus (D:6)
  A leopard gecko (D:6)
  A giant cockroach (D:5)
  A hobgoblin (D:2)
  A quokka (D:3)
  A quokka skeleton (D:4)
45 creatures vanquished.

Vanquished Creatures (others)
  An eldritch tentacle (Pan)
  A deep elf high priest (Elf:3)
  A hell hog (Geh:7)
  A cyclops (D:15)
  An apocalypse crab (Abyss:4)
  A rust devil (Hell)
  A dire elephant zombie (Geh:7)
  A hellion (Pan)
  2 flying skulls (Geh:7)
  A wraith (Dis:7)
  2 water elementals (D:15)
  A hell hound (Geh:7)
  A necrophage (Geh:7)
  A wolf (Lair:5)
  A manticore simulacrum (Abyss:4)
  A killer bee (Lair:1)
  An orc priest (D:15)
  An orc wizard (D:15)
  A shadow imp (Tar:2)
  2 orcs (D:15)
  A quokka (D:6)
  198 blocks of ice
  100 fire vortices
  42 fungi
  240 plants
  8 starspawn tentacles
  12 tentacles
  10 withered plants
634 creatures vanquished.

Grand Total: 5037 creatures vanquished

Notes
Turn   | Place    | Note
-------+----------+-------------------------------------------
     0 | D:1      | Gduck the Ogre Hedge Wizard began the quest for the Orb.
     0 | D:1      | Reached XP level 1. HP: 16/16 MP: 5/5
   239 | D:1      | Reached skill level 1 in Fighting
   349 | D:1      | Reached XP level 2. HP: 24/27 MP: 4/6
   460 | D:1      | Reached skill level 4 in Spellcasting
   890 | D:1      | Reached XP level 3. HP: 35/36 MP: 5/8
  1382 | D:2      | Learned a level 2 spell: Blink
  1385 | D:2      | Learned a level 2 spell: Call Imp
  1740 | D:2      | Found a basalt altar of Yredelemnul.
  1784 | D:2      | Reached skill level 1 in Conjurations
  1784 | D:2      | Reached skill level 1 in Summonings
  1784 | D:2      | Reached skill level 1 in Translocations
  1788 | D:2      | Learned a level 3 spell: Mephitic Cloud
  2373 | D:2      | Reached XP level 4. HP: 45/46 MP: 10/10
  2718 | D:3      | Reached skill level 1 in Maces & Flails
  3056 | D:3      | Reached XP level 5. HP: 45/54 MP: 12/12
  3551 | D:3      | Reached skill level 5 in Spellcasting
  3735 | D:3      | Noticed Blork the orc
  3742 | D:3      | Killed Blork the orc
  3775 | D:3      | Found a shimmering blue altar of Sif Muna.
  3889 | D:3      | Reached skill level 6 in Spellcasting
  3975 | D:4      | Reached XP level 6. HP: 62/62 MP: 15/15
  4240 | D:4      | Reached skill level 7 in Spellcasting
  4531 | D:4      | Reached XP level 7. HP: 62/70 MP: 13/18
  4702 | D:4      | Found a blossoming altar of Fedhas.
  5018 | D:5      | Entered Level 5 of the Dungeon
  5255 | D:5      | Found a staircase to the Ecumenical Temple.
  5300 | Temple   | Entered the Ecumenical Temple
  5441 | Temple   | Became a worshipper of Ashenzari the Shackled
  5497 | D:5      | Found Goiloipn's Assorted Antiques.
  5555 | D:5      | Reached skill level 8 in Spellcasting
  5902 | D:5      | Bought a metallic blue potion for 27 gold pieces
  5902 | D:5      | Bought 2 sapphire potions for 55 gold pieces
  5902 | D:5      | Bought a scroll labelled LYBBOHIFOFE for 31 gold pieces
  5902 | D:5      | Bought a scroll labelled QAFIDENW PUIQEL for 31 gold pieces
  5902 | D:5      | Bought a fuming black potion for 27 gold pieces
  5902 | D:5      | Bought a scroll labelled QAFIDENW PUIQEL for 31 gold pieces
  5916 | D:5      | Found an ornate altar of the Wu Jian Council.
  5918 | D:5      | Found an iron altar of Okawaru.
  5981 | D:5      | Gained mutation: You are occasionally teleported next to
                  | monsters. [potion of mutation]
  5981 | D:5      | Gained mutation: You evolve. [potion of mutation]
  5982 | D:5      | Lost mutation: You evolve. [potion of mutation]
  5982 | D:5      | Lost mutation: You are occasionally teleported next to
                  | monsters. [potion of mutation]
  5982 | D:5      | Gained mutation: Your body sometimes deteriorates upon
                  | taking damage. [potion of mutation]
  5982 | D:5      | Gained mutation: Your skin changes colour to match your
                  | surroundings (Stealth+). [potion of mutation]
  5983 | D:5      | Lost mutation: Your body sometimes deteriorates upon taking
                  | damage. [potion of mutation]
  5983 | D:5      | Gained mutation: You are covered in fur. (AC +1) [potion of
                  | mutation]
  5983 | D:5      | Gained mutation: You have a beak for a mouth. [potion of
                  | mutation]
  6149 | D:5      | Reached XP level 8. HP: 58/78 MP: 14/20
  6330 | D:5      | Learned a level 1 spell: Apportation
  6634 | D:6      | Found a sand-covered staircase.
  6712 | D:6      | Found a white marble altar of Elyvilon.
  6724 | D:6      | Reached skill level 5 in Maces & Flails
  7127 | D:6      | Reached skill level 1 in Air Magic
  7127 | D:6      | Reached skill level 1 in Poison Magic
  7140 | D:6      | Reached skill level 5 in Fighting
  7726 | D:7      | Noticed Duvessa
  7884 | D:7      | Noticed Dowan
  7887 | D:7      | Killed Duvessa
  7950 | D:6      | Learned a level 5 spell: Iskenderun's Battlesphere
  8270 | D:6      | Killed Dowan
  8374 | D:7      | Identified the cursed +1 hunting sling of the Singing Enemy
                  | {speed, +Fly Int+2}
  8422 | D:6      | Reached XP level 9. HP: 89/89 MP: 21/21
  8777 | D:7      | Reached * piety under Ashenzari
  8976 | D:7      | Noticed a cyan ugly thing
  9015 | D:7      | Killed a cyan ugly thing
  9016 | D:7      | Reached skill level 5 in Conjurations
  9023 | D:6      | Identified the +1 scale mail "Ithyffeo" {rElec}
  9288 | D:7      | Found a bloodstained altar of Trog.
  9518 | D:7      | Reached skill level 9 in Spellcasting
  9743 | D:6      | Reached skill level 1 in Staves
  9958 | D:8      | Found a blossoming altar of Fedhas.
 10431 | D:8      | Reached skill level 5 in Staves
 10431 | D:8      | Reached XP level 10. HP: 57/98 MP: 3/23
 11123 | D:9      | Reached ** piety under Ashenzari
 12049 | D:10     | Entered Level 10 of the Dungeon
 12194 | D:10     | Found a staircase to the Orcish Mines.
 12211 | D:10     | Found Iseekafu's Hydra Hut.
 12249 | D:10     | Noticed a four-headed hydra
 12296 | D:10     | Reached skill level 10 in Spellcasting
 12325 | D:10     | Reached *** piety under Ashenzari
 12430 | D:10     | Found Xerawap's Distillery.
 12961 | D:10     | Bought a +2 lajatang of flaming for 429 gold pieces
 13320 | D:10     | Reached skill level 11 in Spellcasting
 13320 | D:10     | Reached XP level 11. HP: 103/105 MP: 17/26
 13570 | D:11     | Found a staircase to the Lair.
 13834 | D:11     | Reached skill level 12 in Spellcasting
 13840 | D:11     | Learned a level 5 spell: Bolt of Magma
 13923 | D:11     | Found a portal to a secret trove of treasure.
 14058 | D:11     | Reached skill level 1 in Fire Magic
 14058 | D:11     | Reached skill level 1 in Earth Magic
 14167 | D:11     | Paralysed by an orc for 2 turns
 14174 | D:11     | Noticed a boulder beetle
 14212 | D:11     | Noticed a four-headed hydra
 14250 | D:11     | Killed a boulder beetle
 14489 | D:11     | Noticed a cyan ugly thing
 14506 | D:11     | Noticed a purple ugly thing
 14529 | D:11     | Killed a cyan ugly thing
 14538 | D:11     | Killed a green ugly thing
 14930 | Lair:1   | Entered Level 1 of the Lair of Beasts
 14930 | Lair:1   | Reached **** piety under Ashenzari
 15616 | Lair:1   | Noticed an oklob plant
 15616 | Lair:1   | Noticed an oklob plant
 15948 | Lair:1   | Reached XP level 12. HP: 26/114 MP: 25/28
 17710 | D:5      | Bought a scroll of remove curse for 93 gold pieces
 17917 | Lair:2   | Reached skill level 13 in Spellcasting
 17930 | Lair:2   | Noticed a six-headed hydra
 18525 | Lair:2   | Reached skill level 10 in Conjurations
 18703 | Lair:2   | Killed a six-headed hydra
 18812 | Lair:2   | Reached skill level 14 in Spellcasting
 20007 | Lair:3   | Reached XP level 13. HP: 112/120 MP: 30/31
 20042 | Lair:3   | Reached ***** piety under Ashenzari
 21036 | Lair:3   | Upgraded the game from 0.26.0-9-gab577f9fc5 to
                  | 0.26.0-10-g1f06aea511
 21488 | Lair:4   | Found a staircase to the Snake Pit.
 21807 | Lair:4   | Reached skill level 15 in Spellcasting
 22543 | Lair:4   | Reached skill level 10 in Fighting
 22548 | Lair:4   | Learned a level 4 spell: Iskenderun's Mystic Blast
 22590 | Lair:4   | Found a runed translucent gate.
 22590 | Lair:4   | Found a runed translucent gate.
 22590 | Lair:4   | Found a runed translucent gate.
 22620 | Lair:4   | Found a staircase to the Shoals.
 22716 | Lair:4   | Noticed KamiKatze's ghost (journeyman GrMo)
 23331 | Lair:4   | Learned a level 7 spell: Orb of Destruction
 24761 | Lair:5   | Noticed Nessos
 24766 | Lair:5   | Killed Nessos
 24767 | Lair:5   | Reached XP level 14. HP: 103/146 MP: 33/33
 24929 | Lair:5   | Found a staircase to the Slime Pits.
 25437 | Lair:6   | Entered Level 6 of the Lair of Beasts
 25488 | Lair:6   | Noticed Josephine
 25495 | Lair:6   | Killed Josephine
 27422 | Lair:6   | Reached skill level 16 in Spellcasting
 28860 | Lair:6   | Upgraded the game from 0.26.0-10-g1f06aea511 to
                  | 0.26.0-16-gc1dbca0489
 29157 | Lair:6   | Identified the +2 rapier "Muarphadeg" {elec, Dex+7}
 30326 | D:12     | Reached XP level 15. HP: 153/153 MP: 35/35
 30496 | D:13     | Reached skill level 17 in Spellcasting
 30526 | D:13     | Found a gate leading to a gauntlet.
 30535 | Gauntlet | Entered a Gauntlet
 30535 | Gauntlet | Found a transporter.
 30540 | Gauntlet | Found a transporter.
 30540 | Gauntlet | Found a transporter.
 30540 | Gauntlet | Found a transporter.
 30589 | Gauntlet | Found a transporter.
 30597 | Gauntlet | Found a transporter.
 30597 | Gauntlet | Found a transporter.
 30625 | Gauntlet | Found a transporter.
 30625 | Gauntlet | Found a transporter.
 30625 | Gauntlet | Found a transporter.
 30626 | Gauntlet | Identified the cursed -7 helmet of the Chupacabra {Int+4}
 30680 | Gauntlet | Found a transporter.
 30681 | Gauntlet | Found a transporter.
 30681 | Gauntlet | Found a transporter.
 30803 | Gauntlet | Reached ****** piety under Ashenzari
 30811 | Gauntlet | Found a transporter.
 30815 | Gauntlet | Identified Kurooggyu's Catalogue of Slavery and Dark Arts
 31147 | Gauntlet | Identified the +4 hunting sling of Brawling {speed, rC++
                  | rN+ Dex-5 SInv}
 31523 | D:13     | Noticed Jorgrun
 31527 | D:13     | Killed Jorgrun
 31985 | D:13     | Identified the +0 leather armour "Oroac" {Harm rC- MP+9
                  | Str+2}
 32372 | D:13     | Identified the +2 ring mail "Wiuc" {Rampage rElec Stlth-}
 32537 | D:13     | Noticed Kirke
 32545 | D:13     | Killed Kirke
 33276 | D:14     | Reached skill level 18 in Spellcasting
 33282 | D:14     | Found a frozen archway.
 33282 | D:14     | Noticed Agnes
 33290 | IceCv    | Entered an ice cave
 33788 | IceCv    | Found an ancient bone altar of Kikubaaqudgha.
 34332 | IceCv    | Reached skill level 15 in Conjurations
 34490 | D:14     | Killed Agnes
 34580 | D:14     | Noticed Louise
 34588 | D:14     | Cast into level 2 of the Abyss (Louise)
 34686 | Abyss:2  | Noticed a tentacled starspawn
 34722 | Abyss:2  | Found a corrupted altar of Lugonu.
 34765 | D:14     | Escaped the Abyss
 34801 | D:14     | Killed Louise
 35060 | D:14     | Identified the +4 broad axe "Veibrim" {freeze, MP+9 Str+4}
 35226 | D:14     | Reached XP level 16. HP: 162/162 MP: 35/38
 35737 | D:14     | Found a gate to the Vaults.
 35940 | D:15     | Entered Level 15 of the Dungeon
 35974 | D:15     | Noticed Rupert
 35985 | D:15     | Killed Rupert
 36817 | Snake:1  | Entered Level 1 of the Snake Pit
 37076 | Snake:1  | Reached skill level 19 in Spellcasting
 37083 | Snake:1  | Learned a level 6 spell: Ozocubu's Refrigeration
 37239 | Snake:1  | Reached skill level 1 in Ice Magic
 37831 | Snake:1  | Found Vedit's Gadget Boutique.
 37832 | Snake:1  | Found Puym Lej's Jewellery Shoppe.
 37833 | Snake:1  | Found Lufion's Gadget Boutique.
 37893 | Snake:1  | Reached skill level 1 in Shields
 38119 | Snake:1  | Identified a scroll of acquirement
 38123 | Snake:1  | Acquired 366 gold pieces
 38395 | Snake:2  | Found a shimmering altar of Xom.
 38964 | Snake:2  | Reached skill level 5 in Shields
 39380 | Snake:2  | Noticed a nagaraja
 39637 | Snake:2  | Killed a nagaraja
 40107 | Snake:2  | Reached XP level 17. HP: 125/170 MP: 40/40
 40394 | Snake:3  | Reached skill level 5 in Ice Magic
 41659 | Snake:3  | Reached skill level 1 in Axes
 41942 | Snake:4  | Entered Level 4 of the Snake Pit
 42621 | Snake:4  | Reached skill level 5 in Axes
 42997 | Snake:4  | Reached XP level 18. HP: 187/187 MP: 41/41
 43004 | Snake:4  | Got a serpentine rune of Zot
 43333 | Snake:4  | Noticed Mara
 43634 | Orc:1    | Entered Level 1 of the Orcish Mines
 43836 | Orc:2    | Entered Level 2 of the Orcish Mines
 43896 | Orc:2    | Found a staircase to the Elven Halls.
 43944 | Orc:2    | Noticed Urug
 43949 | Orc:2    | Killed Urug
 44374 | Orc:2    | Found Nostrytad's Book Emporium.
 44374 | Orc:2    | Found Jago's Magic Scroll Shop.
 44379 | Orc:2    | Found Ocasu's General Store.
 44379 | Orc:2    | Found Omnumole's Gadget Emporium.
 44393 | Orc:2    | Bought a scroll of remove curse for 45 gold pieces
 44393 | Orc:2    | Bought a scroll of remove curse for 45 gold pieces
 44393 | Orc:2    | Bought a scroll of remove curse for 45 gold pieces
 44398 | Orc:2    | Bought a book of Annihilations for 1545 gold pieces
 44637 | Snake:1  | Bought the ring of Law {rN+ Int+3 Stlth+} for 420 gold
                  | pieces
 44719 | Shoals:1 | Entered Level 1 of the Shoals
 44737 | Shoals:1 | Found a runed translucent door.
 44737 | Shoals:1 | Found a shimmering altar of Xom.
 44737 | Shoals:1 | Noticed xzight's ghost (adept MiBe)
 44807 | Shoals:1 | Found Etaraom's Antique Armour Boutique.
 45127 | Shoals:3 | Noticed Ilsuiw
 45134 | Shoals:3 | Reached skill level 15 in Fighting
 45135 | Shoals:3 | Killed Ilsuiw
 45573 | Shoals:4 | Entered Level 4 of the Shoals
 45998 | Shoals:4 | Reached skill level 5 in Fire Magic
 46285 | Shoals:4 | Reached XP level 19. HP: 101/204 MP: 26/42
 46294 | Shoals:4 | Got a barnacled rune of Zot
 46603 | Vaults:1 | Entered Level 1 of the Vaults
 46861 | Vaults:1 | Learned a level 9 spell: Fire Storm
 47087 | Vaults:1 | Reached skill level 10 in Fire Magic
 48868 | Vaults:1 | Identified the +5 kite shield "Pyacle" {Will+ rCorr Int+2}
 49321 | Vaults:2 | Reached XP level 20. HP: 213/213 MP: 43/43
 49372 | Vaults:2 | Noticed Xtahua
 49380 | Vaults:2 | Killed Xtahua
 51288 | Vaults:3 | Noticed Jory
 51345 | Vaults:3 | Killed Jory
 51450 | Vaults:3 | Acquired 647 gold pieces
 51615 | Vaults:3 | Noticed Aizul
 51629 | Vaults:3 | Killed Aizul
 51630 | Vaults:3 | Reached skill level 15 in Fire Magic
 52322 | Vaults:3 | Identified the +3 whip "Ruaph" {drain, rPois rN+ Int+3}
 52348 | Vaults:3 | Found a staircase to the Crypt.
 53525 | Vaults:4 | Found Onnuff's Weapon Emporium.
 53928 | Vaults:4 | Reached XP level 21. HP: 196/222 MP: 44/44
 54194 | Vaults:4 | Reached skill level 1 in Evocations
 54667 | Vaults:4 | Reached skill level 1 in Armour
 55781 | Elf:1    | Entered Level 1 of the Elven Halls
 55904 | Elf:1    | Found Fiqol's Antique Armour Emporium.
 56033 | Elf:1    | Found Uqubub's Antique Weapon Shoppe.
 56063 | Elf:1    | Reached skill level 5 in Armour
 56111 | Elf:1    | Found Ipurph's Armour Boutique.
 56207 | Elf:1    | Found Vaybaacs's Book Shoppe.
 56930 | Elf:2    | Found a runed translucent gate.
 56931 | Elf:2    | Found a runed translucent gate.
 56931 | Elf:2    | Found a runed translucent gate.
 57249 | Elf:2    | Found Xuov's Antique Armour Shoppe.
 57515 | Elf:3    | Entered Level 3 of the Elven Halls
 57515 | Elf:3    | Found a radiant altar of Vehumet.
 57828 | Elf:3    | Identified the ring of Greed {*Tele rN+}
 58739 | Elf:3    | Identified the +0 rapier "Spider's Funeral" {drain, rN+
                  | Will+}
 58780 | Elf:3    | Reached XP level 22. HP: 156/231 MP: 40/45
 59122 | Elf:3    | Identified the amulet of Paranoia {rN+ Regen+}
 59502 | Elf:3    | Reached skill level 10 in Ice Magic
 59619 | Elf:3    | Identified the cursed +0 leather armour "Ufinkecosch" {rC+
                  | rN+ Str+2 Stlth+}
 59620 | Elf:3    | Identified the cursed +3 glaive of the Shrike {venom, +Rage
                  | rF+ Str+2 Stlth+}
 59620 | Elf:3    | Identified the +3 leather armour of Gravitas {Rampage rF-
                  | Dex+3 Slay+5}
 59734 | Elf:3    | Identified the +4 dagger "Dociec" {vorpal, rPois Int+7}
 59821 | Elf:3    | Identified the amulet "Gipirid" {RegenMP rN++ MP+9}
 61059 | D:15     | Found a staircase to the Depths.
 61078 | D:15     | Reached skill level 1 in Short Blades
 61158 | D:15     | Found Edyeped's Gadget Shoppe.
 61450 | Depths:1 | Entered Level 1 of the Depths
 61994 | Depths:1 | Noticed a juggernaut
 62106 | Depths:1 | Killed a juggernaut
 62107 | Depths:1 | Reached skill level 20 in Spellcasting
 62391 | Depths:1 | Reduced skill Staves to level 5
 62391 | Depths:1 | Reached XP level 23. HP: 232/239 MP: 47/47
 62648 | Depths:1 | Reduced skill Staves to level 1
 63057 | Depths:1 | Reached skill level 5 in Short Blades
 63204 | Depths:1 | Found a gateway to Hell.
 64468 | Depths:2 | Identified the +5 ring mail of Panentheism {Rampage}
 64567 | Depths:2 | Reduced skill Axes to level 5
 64909 | Depths:2 | Found a snail-covered altar of Cheibriados.
 65398 | Depths:2 | Noticed an ancient lich
 65399 | Depths:2 | Found a gateway to a ziggurat.
 65421 | Depths:2 | Killed an ancient lich
 65424 | Depths:2 | Gained mutation: You are clumsy. (Dex -2) [mutagenic glow]
 65439 | Depths:2 | Gained mutation: You are very clumsy. (Dex -4) [mutagenic
                  | glow]
 66466 | Depths:3 | Reduced skill Axes to level 1
 66776 | Depths:3 | Reached XP level 24. HP: 178/248 MP: 35/47
 67172 | Depths:3 | Identified the +2 lajatang "Gapokhiu" {spect, *Drain rN+++
                  | Will-}
 67440 | Depths:3 | Identified the cursed +1 scale mail "Sir Lig" {rPois rN+
                  | Stlth+}
 67443 | Depths:3 | Reached skill level 21 in Spellcasting
 67512 | Depths:3 | Reduced skill Maces & Flails to level 1
 67818 | Depths:3 | Found a one-way gate leading to the halls of Pandemonium.
 68563 | Depths:4 | Found a one-way gate to the infinite horrors of the Abyss.
 69495 | Depths:4 | Identified the +4 quarterstaff of Enavor {vorpal, Str+8}
 70786 | Depths:4 | Upgraded the game from 0.26.0-16-gc1dbca0489 to
                  | 0.26.0-18-gc5c842f807
 71093 | Depths:4 | Found the +3 warlock's mirror {reflect}
 71215 | Depths:5 | Entered Level 5 of the Depths
 71215 | Depths:5 | Identified the +2 chain mail of Ososeul {Harm +Blink Will+
                  | Regen+}
 71542 | Depths:5 | Reached XP level 25. HP: 198/256 MP: 45/48
 71547 | Depths:5 | Noticed a juggernaut
 71554 | Depths:5 | Killed a juggernaut
 71846 | Depths:5 | Found a gate to the Realm of Zot.
 73029 | Vaults:5 | Entered Level 5 of the Vaults
 73487 | Vaults:5 | Identified the +3 quarterstaff "Iropsiul" {speed, Str+6
                  | Int+2}
 73521 | Vaults:5 | Identified the Handbook of the Entourage and Displacement
 73524 | Vaults:5 | Got a silver rune of Zot
 73880 | Vaults:5 | Identified the ring of Moucsiro {rN+ Str+3 Int+4}
 73882 | Vaults:5 | Identified the +3 leather armour of the Teacher {Harm rPois
                  | rC- Dex+7}
 73905 | Vaults:5 | Learned a level 2 spell: Sublimation of Blood
 73911 | Vaults:5 | Identified the quicksilver dragon scales of Egivydgh Amoj
                  | {-Cast Rampage Will+ Dex+5}
 74276 | Vaults:5 | Identified the +4 hunting sling "Ature" {speed, +Blink
                  | rPois Will+ SInv}
 74291 | Vaults:5 | Reached skill level 1 in Necromancy
 74495 | Vaults:5 | Identified the +0 leather armour of Music {rF+}
 74496 | Vaults:5 | Reached XP level 26. HP: 252/265 MP: 37/48
 74504 | Vaults:5 | Reached skill level 22 in Spellcasting
 74648 | Vaults:5 | Noticed an ancient lich
 74655 | Vaults:5 | Killed an ancient lich
 74694 | Vaults:5 | Reached skill level 5 in Necromancy
 74704 | Vaults:5 | Identified the Incunabulum of Freezing Poison
 74931 | Vaults:5 | Acquired the cursed +7 tower shield "Gaddill" {Will+ rCorr
                  | Int+2}
 75107 | Vaults:5 | Identified the +8 great sword "Kufreu" {venom, MP-9 Dex+9}
 75129 | Vaults:5 | Identified the ring of Immorality {rC+ Int+4 Stlth+}
 76631 | Slime:1  | Entered Level 1 of the Pits of Slime
 77050 | Slime:5  | Entered Level 5 of the Pits of Slime
 77060 | Slime:5  | Noticed Dissolution
 77064 | Slime:5  | Killed Dissolution
 77065 | Slime:5  | Reached skill level 10 in Shields
 77258 | Slime:5  | Found a viscous altar of Jiyva.
 77272 | Slime:5  | Noticed the Royal Jelly
 77284 | Slime:5  | Killed the Royal Jelly
 77477 | Slime:5  | Paralysed by a floating eye for 4 turns
 77511 | Slime:5  | Identified the +8 mace of Dividends {freeze, +Blink +Fly
                  | rC++ Will+ Str-4}
 77512 | Slime:5  | Identified the +3 ring mail of the Turtledove {rCorr Str+4}
 77513 | Slime:5  | Identified the +8 broad axe of Embarrassment {pain, +Inv}
 77534 | Slime:5  | Identified the +7 dagger "Wytyhim" {freeze, rElec rF+
                  | Dex+3}
 77535 | Slime:5  | Identified the ring of Botwufera {*Contam *Slow +Fly Int+8
                  | Slay+5}
 77546 | Slime:5  | Got a slimy rune of Zot
 77558 | Slime:5  | Identified the +6 scale mail of the Stars {rPois}
 77563 | Slime:5  | Identified the cursed +1 chain mail of Woetag {rF+ rC++
                  | rCorr Slay-2}
 78030 | Zot:1    | Entered Level 1 of the Realm of Zot
 78373 | Zot:1    | Reached XP level 27. HP: 240/276 MP: 47/49
 79961 | Zot:2    | Learned a level 9 spell: Absolute Zero
 81655 | Zot:3    | Identified the +8 war axe "Saughy" {freeze, Str+3 Stlth+}
 82568 | Zot:4    | Reached skill level 15 in Ice Magic
 83562 | Zot:5    | Entered Level 5 of the Realm of Zot
 84672 | Zot:5    | Noticed an ancient lich
 84674 | Zot:5    | Killed an ancient lich
 84787 | Zot:5    | Noticed an orb of fire
 84792 | Zot:5    | Killed an orb of fire
 84809 | Zot:5    | Noticed an orb of fire
 84814 | Zot:5    | Gained mutation: You are dopey. (Int -2) [an orb of fire]
 84815 | Zot:5    | Killed an orb of fire
 85186 | Zot:5    | Noticed an ancient lich
 85189 | Zot:5    | Killed an ancient lich
 85368 | Zot:5    | Noticed an orb of fire
 85370 | Zot:5    | Killed an orb of fire
 85798 | Depths:4 | Voluntarily entered the Abyss.
 86471 | Abyss:4  | Gained mutation: You are weak. (Str -2) [a neqoxec]
 86538 | Depths:4 | Escaped the Abyss
 87058 | Depths:4 | Voluntarily entered the Abyss.
 87457 | Abyss:3  | Found a corrupted altar of Lugonu.
 87505 | Abyss:3  | Lost mutation: You are weak. (Str -2) [potion of mutation]
 87505 | Abyss:3  | Lost mutation: You are very clumsy. (Dex -4) [potion of
                  | mutation]
 87505 | Abyss:3  | Gained mutation: You are very dopey. (Int -4) [potion of
                  | mutation]
 87505 | Abyss:3  | Gained mutation: You are resistant to electric shocks.
                  | (rElec) [potion of mutation]
 87505 | Abyss:3  | Gained mutation: You can translocate small distances at
                  | will. [potion of mutation]
 87565 | Abyss:3  | Found a radiant altar of Vehumet.
 87691 | Abyss:3  | Found a radiant altar of Vehumet.
 87720 | Abyss:3  | Got an abyssal rune of Zot
 87740 | Depths:4 | Escaped the Abyss
 88129 | Elf:1    | Bought a book of the Tempests for 1050 gold pieces
 88129 | Elf:1    | Bought a manual of Dodging for 1656 gold pieces
 88138 | Elf:1    | Learned a level 8 spell: Ignition
 88149 | Elf:1    | Learned a level 9 spell: Tornado
 88500 | Pan      | Entered Pandemonium
 88535 | Pan      | Entered the realm of Lom Lobon.
 88786 | Pan      | Noticed Lom Lobon
 88788 | Pan      | Killed Lom Lobon
 88789 | Pan      | Reached skill level 5 in Dodging
 88851 | Pan      | Got a magical rune of Zot
 89172 | Pan      | Found a runed translucent door.
 89191 | Pan      | Lost mutation: You are clumsy. (Dex -2) [a cacodemon]
 89194 | Pan      | Gained mutation: Your spells are a little easier to cast,
                  | but a little less powerful. [a cacodemon]
 89194 | Pan      | Gained mutation: Your magical capacity is low. (-10% MP) [a
                  | cacodemon]
 89196 | Pan      | Reached skill level 5 in Air Magic
 89218 | Pan      | Noticed Cehot the pandemonium lord
 89225 | Pan      | Killed Cehot the pandemonium lord
 89758 | Pan      | Identified the ring "Jipoxas" {*Tele *Contam Will+ SInv
                  | Stlth+}
 89758 | Pan      | Identified the amulet of Wigg {Acrobat rPois}
 89758 | Pan      | Found a transporter.
 89860 | Pan      | Found a transporter.
 90165 | Pan      | Lost mutation: Your spells are a little easier to cast, but
                  | a little less powerful. [potion of mutation]
 90165 | Pan      | Lost mutation: You are very dopey. (Int -4) [potion of
                  | mutation]
 90165 | Pan      | Gained mutation: You are covered in thick fur. (AC +2)
                  | [potion of mutation]
 90165 | Pan      | Gained mutation: You passively map a small area around you.
                  | [potion of mutation]
 90319 | Pan      | Reached skill level 10 in Dodging
 90546 | Pan      | Found a glowing silver altar of Zin.
 90911 | Pan      | Noticed a seraph
 90912 | Pan      | Killed a seraph
 90950 | Pan      | Found a glowing golden altar of the Shining One.
 90967 | Pan      | Got a demonic rune of Zot
 91573 | Depths:3 | Escaped Pandemonium
 91575 | Pan      | Entered the realm of Mnoleg.
 91575 | Pan      | Entered Pandemonium
 91789 | Pan      | Gained mutation: You are weak. (Str -2) [a neqoxec]
 91789 | Pan      | Lost mutation: You are dopey. (Int -2) [a neqoxec]
 91888 | Pan      | Gained mutation: You evolve. [a cacodemon]
 92092 | Pan      | Reached skill level 10 in Air Magic
 92100 | Pan      | Reached skill level 23 in Spellcasting
 92311 | Pan      | Noticed Mnoleg
 92449 | Pan      | Killed Mnoleg
 92476 | Pan      | Got a glowing rune of Zot
 92669 | Pan      | Noticed Duestuh the pandemonium lord
 92671 | Pan      | Killed Duestuh the pandemonium lord
 92948 | Depths:3 | Escaped Pandemonium
 92950 | Pan      | Entered Pandemonium
 93774 | Pan      | Entered the realm of Gloorx Vloq.
 93832 | Pan      | Identified the cursed +1 great sword of Teocwica {flame,
                  | Dex+3}
 94194 | Pan      | Found an exit through the horrors of the Abyss.
 94582 | Pan      | Noticed Gloorx Vloq
 94584 | Pan      | Killed Gloorx Vloq
 94590 | Pan      | Got a dark rune of Zot
 94780 | Pan      | Noticed Edubaig the pandemonium lord
 94781 | Pan      | Killed Edubaig the pandemonium lord
 94782 | Pan      | Reached skill level 15 in Air Magic
 95410 | Pan      | Identified the +4 ring mail of Eye-covered Creativity {rN+
                  | Dex+4}
 95562 | Pan      | Entered the realm of Cerebov.
 96025 | Pan      | Identified the +6 sword of Cerebov {flame}
 96025 | Pan      | Noticed Cerebov
 96027 | Pan      | Killed Cerebov
 96138 | Pan      | Identified the +9 scythe of the Dark Horse {vorpal, +Blink
                  | rElec rPois Int+3}
 96139 | Pan      | Identified the Compendium of the Hawk
 96164 | Pan      | Identified The Last Almanac of the Blind Seer
 96193 | Pan      | Got a fiery rune of Zot
 96500 | Pan      | Found an exit through the horrors of the Abyss.
 96503 | Pan      | Identified the +11 dagger "Wocomus" {vorpal, rPois}
 96512 | Pan      | Took an exit into the Abyss.
 96512 | Abyss:1  | Escaped into the Abyss
 96512 | Abyss:1  | Found a corrupted altar of Lugonu.
 96528 | Depths:3 | Escaped the Abyss
 96829 | Crypt:1  | Entered Level 1 of the Crypt
 97277 | Crypt:1  | Found a burning altar of Makhleb.
 97282 | Crypt:1  | Found a glowing golden altar of the Shining One.
 97502 | Crypt:3  | Entered Level 3 of the Crypt
 97698 | Crypt:3  | Found a basalt altar of Yredelemnul.
 97944 | Crypt:3  | Found the +12 glaive of Prune {vorpal}
 98123 | Crypt:3  | Identified the +8 plate armour of Voevad {+Blink +Inv rC+
                  | Will-}
 98245 | Crypt:3  | Found a staircase to the Tomb.
 98249 | Crypt:3  | Found the +3 crown of Dyrovepreva {rElec Int+2 SInv}
 98470 | Crypt:3  | Identified the +2 helmet of the Boiling Point {Stlth+}
 98832 | Hell     | Entered the Vestibule of Hell
 98840 | Hell     | Noticed Geryon
 98844 | Hell     | Killed Geryon
 99306 | Hell     | Found a gateway to the ashen valley of Gehenna.
 99356 | Geh:1    | Entered Level 1 of Gehenna
 99700 | Elf:3    | Gained mutation: You have sharp toenails. [evolution]
100147 | Geh:1    | Reached skill level 1 in Axes
100253 | Geh:3    | Reduced skill Short Blades to level 5
100290 | Geh:3    | Reached skill level 5 in Axes
100706 | Geh:6    | Reached skill level 10 in Axes
101118 | Geh:7    | Entered Level 7 of Gehenna
102049 | Geh:7    | Reached skill level 15 in Axes
103030 | Geh:7    | Identified the +7 sceptre of Asmodeus
103030 | Geh:7    | Noticed Asmodeus
103033 | Geh:7    | Killed Asmodeus
103241 | Geh:7    | Got an obsidian rune of Zot
103414 | Hell     | Found a gateway to the Iron City of Dis.
103455 | Hell     | Found a gateway to the decaying netherworld of Tartarus.
103464 | Tar:1    | Entered Level 1 of Tartarus
104477 | Tar:7    | Entered Level 7 of Tartarus
104512 | Tar:7    | Reached skill level 24 in Spellcasting
104531 | Tar:7    | Gained mutation: Your spells are a little harder to cast,
                  | but a little more powerful. [evolution]
104531 | Tar:7    | Lost mutation: You evolve. [end of evolution]
105594 | Tar:7    | Reached skill level 25 in Spellcasting
105782 | Tar:7    | Found the +8 mithril axe "Arga" {speed, Will+}
106022 | Tar:7    | Noticed Ereshkigal
106024 | Tar:7    | Killed Ereshkigal
106037 | Tar:7    | Identified the cursed +0 hand axe of Dihaeph {freeze,
                  | *Corrode rF++ Dex+2}
106047 | Tar:7    | Identified the +10 scimitar of the Sneaky Lives {pain,
                  | rElec rF+}
106049 | Tar:7    | Identified the Grimoire of the Mutagenic Glacier
106052 | Tar:7    | Identified the Grimoire of the Mountains and Summoning
106056 | Tar:7    | Got a bone rune of Zot
106058 | Tar:7    | Identified Naej's Handbook of Toxins and Displacement
106155 | Tar:7    | Reached skill level 26 in Spellcasting
106601 | Dis:1    | Entered Level 1 of the Iron City of Dis
107053 | Dis:3    | Reached skill level 27 in Spellcasting
107769 | Dis:4    | Reached skill level 5 in Evocations
108743 | Dis:7    | Entered Level 7 of the Iron City of Dis
109037 | Dis:7    | Reached skill level 10 in Evocations
109043 | Dis:7    | Upgraded the game from 0.26.0-18-gc5c842f807 to
                  | 0.26.0-20-g3ca415f5b8
109492 | Dis:7    | Identified the +8 great sword of Forgiveness {drain, rC+
                  | Str+4 Int+3 Dex+3}
109492 | Dis:7    | Identified the amulet "Xyid" {Acrobat Will+}
109859 | Dis:7    | Identified the +4 staff of Dispater
109859 | Dis:7    | Noticed Dispater
109874 | Dis:7    | Killed Dispater
109889 | Dis:7    | Identified the ring "Penonawo" {+Fly rElec rPois}
109894 | Dis:7    | Got an iron rune of Zot
110277 | Zot:5    | Got the Orb of Zot
110361 | Zot:2    | Noticed Foex the pandemonium lord
110366 | Zot:2    | Killed Foex the pandemonium lord
110520 | Depths:5 | Noticed Cosom the pandemonium lord
111048 | D:2      | Reached skill level 10 in Armour
111095 | D:1      | Noticed Caifuar the pandemonium lord
111100 | D:1      | Killed Caifuar the pandemonium lord
111122 | D:$      | Escaped with the Orb!

Illustrated notes

Levels and vault maps discovered:
D:1:      dpeg_arrival_court, layout_rooms, minmay_pentomino_u2
D:2:      layout_basic, lemuel_zombie_altar_yredelemnul, serial_glass,
          glass_columns_a, glass_columns_c, glass_columns_a, glass_columns_a,
          glass_columns_c, glass_columns_b, glass_columns_a, glass_columns_a,
          due_unseen_surprise, minmay_strange_pillars, minmay_rat_gold_closets
D:3:      cheibrodos_helix_gallery, layout_basic, tgw_sif, serial_undead,
          serial_undead_b, serial_undead_f, serial_undead_d, serial_undead_c
D:4:      layout_basic, fedhas_bush_and_centaur_altar
D:5:      layout_loops_ring, grunt_temple_overflow_open, temple_statues,
          serial_shops, nicolae_shop_trees
D:6:      cheibrodos_two_vegetables, layout_loops_cross, elyvilon_altar_4,
          lightli_ossuary_entry_decrepit_ruins
D:7:      minmay_chambers_of_sixes, layout_cave_pools, trog_book, uniq_duvessa
D:8:      layout_loops_cross, nicolae_overflow_hidden_temple
D:9:      layout_long_grid, minmay_door_square, kennysheep_path_1
D:10:     layout_irregular_city, orc_0_dummy, serial_shops, shop,
          doesnt_shop_hydraphobe
D:11:     layout_irregular_city, erik_lair_orcish_takeover,
          nicolae_trove_entry_path_of_doom
D:12:     layout_rooms
D:13:     layout_gridville, gauntlet_entry_generic, uniq_kirke, uniq_jorgrun
D:14:     layout_loops_ring, hangedman_vaults_entry_quadrant_bands,
          portal_ice_cave_rime, serial_park_gazebo
          [serial_park_minivault_5x5_3], st_stairs_3, uniq_agnes, uniq_louise
D:15:     gammafunk_depths_entry_grave, layout_rooms,
          chequers_serial_rivers_small_a, serial_shops, shop,
          lemuel_freeze_loot_1, uniq_rupert
Temple:   eino_temple_scatter_basement
Lair:1:   layout_roguey [special_room_bee], grunt_forest_large_clearing_hut,
          minmay_lair_oklob_chamber, grunt_megastairs_2
Lair:2:   layout_small_grid, st_stairs_11
Lair:3:   layout_misc_corridors, grunt_forest_stairs_basic,
          kennysheep_abandoned_house, grunt_megastairs_5, serial_bayou_shore_b,
          lemuel_fruit_tree
Lair:4:   layout_hall_layers, minmay_shoals_entry_hut,
          minmay_snake_entry_six_corridors, gammafunk_ghost_necromancy,
          infiniplex_staircase_pool_2
Lair:5:   layout_cave_pods, nicolae_slime_entry_slimehenge,
          serial_bayou_shore_b, uniq_nessos
Lair:6:   minmay_lair_end_enchanted_forest, layout_regular_city,
          minmay_lindwurm_lava, serial_bayou_shore_a, uniq_josephine
Shoals:1: layout_shoals, ebering_ghost_xom, serial_shops, nicolae_shop_crystal
Shoals:2: layout_shoals
Shoals:3: layout_shoals, uniq_ilsuiw
Shoals:4: shoals_end_grunt_ice, layout_shoals
Snake:1:  layout_grid_shapes, minmay_shop_grove, grunt_megastairs_3
Snake:2:  layout_layer_cave, basic_altar, serial_bayou_lagoon_a
Snake:3:  layout_cave_town
Snake:4:  minmay_snake_end_coiled, layout_cave_town, uniq_mara
Slime:1:  layout_caves, amcnicky_altar_lugonu_corruption
Slime:2:  layout_caves
Slime:3:  layout_caves, basic_altar
Slime:4:  cheibrodos_slime_lost_civilization_10, layout_caves
Slime:5:  uniq_dissolution
Orc:1:    layout_caves
Orc:2:    grunt_orc_tribal_feast, layout_diamond_mine, uniq_urug
Elf:1:    minmay_elf_arrival_summoners, layout_loops_cross, serial_shops,
          shop_statue, nicolae_shop_window_shopping, shop, shop,
          hangedman_elf_disciples
Elf:2:    layout_rooms, serial_shops, shop
Elf:3:    nooodl_elf_gasket, layout_loops_ring, basic_altar
Vaults:1: nicolae_vaults_arrows, grunt_vaults_hallway_short,
          hangedman_vaults_trim, vaults_mumra_chevron_long,
          nicolae_vaults_border_crossing, hangedman_vaults_pinch,
          grunt_vaults_funnel, ontoclasm_vaults_ring_large, v_misc_32,
          layout_vaults_omnicross
Vaults:2: nicolae_vaults_network_periphery, hangedman_vaults_locks,
          ontoclasm_vaults_claustrophobia, hangedman_vaults_cutoff, v_rooms_2,
          ontoclasm_vaults_loading_screen, vaults_room_large_hall, v_misc_17,
          vaults_room_pool, hangedman_vaults_stagger, v_rooms_1,
          ontoclasm_vaults_loading_screen, vaults_dpeg_hooks,
          layout_vaults_omnibox, uniq_xtahua
Vaults:3: nicolae_vaults_three_branches, v_misc_3, nicolae_vaults_network_s,
          nicolae_vaults_octagons, nicolae_vaults_rhombus_5, v_alt_pattern_1,
          v_misc_16, v_misc_24, ontoclasm_vaults_hangar,
          nicolae_vaults_mini_display_case, nicolae_vaults_sealed_display,
          v_misc_15, nicolae_vaults_little_squares_1, layout_vaults_ring,
          dummy_crypt_entry, uniq_aizul, uniq_jory
Vaults:4: ontoclasm_vaults_ligature, v_misc_8, hangedman_vaults_variations,
          vaults_dpeg_diagonal, nicolae_vaults_theta, nicolae_vaults_triangles,
          vaults_dpeg_encased_lava, vaults_room_pools, layout_vaults_omnigrid,
          serial_shops, shop_statue
Vaults:5
Crypt:1:  layout_basic, fountainhead, nzn_life_drinkers
Crypt:2:  layout_regular_city
Crypt:3:  grunt_crypt_end_deaths_head
Depths:1: minmay_four_inscribed_fans, layout_gridville,
          hangedman_tar_grid_catacomb, grunt_decor_cap,
          chequers_serial_rivers_room_a, kennysheep_generic_room_6
Depths:2: lemuel_troll_bridge, layout_gridlike, enter_ziggurat_d,
          hangedman_decor_growths, hell_entry, cheibriados_altar_1,
          minmay_staircase_bubble, serial_bayou_shore_b
Depths:3: minmay_skeleton_keep, layout_gridville, grunt_pan_entry_in_and_out,
          hangedman_abyss_or_decor_passed, grunt_hell_entry_dis_old,
          kennysheep_generic_room_14, firewood_loft, serial_bayou_shore_b,
          infiniplex_staircase_diamond
Depths:4: minmay_haunted_quarter, layout_honeycomb, rand_demon_pan_entry_3,
          abyss_entry, hell_entry, chequers_serial_rivers_micro_e,
          minmay_protected_statue, roderic_lattice_octagonal_star
Depths:5: grunt_zot_entry_funnels, layout_twisted_cross, abyss_entry_crystal,
          grunt_metal_band, minmay_misc_feat_enclosed
Hell
Dis:1:    layout_subdivisions
Dis:2:    layout_gridville
Dis:3:    layout_jigsaw
Dis:4:    layout_gridville
Dis:5:    layout_chaotic_city
Dis:6:    layout_chaotic_city, grunt_megastairs_4
Dis:7:    iron_city_of_dis [dis_old, dis_wall_1], layout_chaotic_city
Geh:1:    layout_gehenna_pools_box, hangedman_generic_boss_arena
Geh:2:    layout_gehenna_pools_basic, lemuel_flamethrower_3
Geh:3:    layout_gehenna_pools_triple
Geh:4:    layout_gehenna_pools_box
Geh:5:    layout_gehenna_lava_caves
Geh:6:    layout_gehenna_lava_caves
Geh:7:    geh_hangedman
Tar:1:    layout_grid_maze
Tar:2:    layout_catacombs, nicolae_tar_cuneiform_heaven
Tar:3:    layout_grid_maze, nicolae_tar_cuneiform_water
Tar:4:    layout_catacombs
Tar:5:    layout_cathedral_of_symmetry
Tar:6:    layout_grid_maze
Tar:7:    tar_minmay_river
Zot:1:    layout_basic, st_stairs_4, skrybe_zot_glass_3
Zot:2:    lemuel_draconian_sentries, layout_cellular_growth
Zot:3:    layout_concentric_octagons
Zot:4:    layout_onion
Zot:5:    layout_onion

Skill      XL: |  1  2  3  4  5  6  7  8  9 10 11 12 13 14 15 16 17 18 19 20 21 22 23 24 25 26 27 |
---------------+----------------------------------------------------------------------------------+-----
Fighting       | 1 2 3 4 6 11 13 16 22 | 22.2
Spellcasting   | 4 6 7 8 9 11 12 14 15 16 18 19 20 21 22 27 | 27.0
Conjurations   | 1 4 6 8 10 12 13 15 16 17 19 20 21 | 21.6
Summonings     | 1 2 |  2.1
Translocations | 1 |  1.0
Maces & Flails | 1 4 5 0 |  0.0
Air Magic      | 1 21 | 21.8
Poison Magic   | 1 |  1.0
Staves         | 5 6 5 0 |  0.0
Fire Magic     | 4 7 12 15 16 18 19 20 | 20.5
Earth Magic    | 4 |  4.1
Ice Magic      | 4 8 9 10 21 | 21.8
Shields        | 5 12 13 | 13.0
Axes           | 6 9 6 0 17 | 17.2
Evocations     | 1 11 | 11.0
Armour         | 8 9 10 | 10.0
Short Blades   | 3 6 2 |  2.4
Necromancy     | 3 5 7 |  7.0
Dodging        | 14 | 14.0
Stealth        | |  1.4

Action                   |  1- 3 |  4- 6 |  7- 9 | 10-12 | 13-15 | 16-18 | 19-21 | 22-24 | 25-27 || total
-------------------------+-------+-------+-------+-------+-------+-------+-------+-------+-------++-------
Melee: Dagger            |   107 |       |       |       |       |       |       |   395 |   992 ||  1494
       Whip              |    56 |     1 |       |       |       |       |       |       |       ||    57
       Flail             |       |    91 |   210 |       |       |       |       |       |       ||   301
       Peck              |       |       |    25 |    52 |    56 |    16 |    62 |    71 |   539 ||   821
       Quarterstaff      |       |       |    44 |   203 |       |       |       |       |       ||   247
       Lajatang          |       |       |       |    76 |   395 |    42 |       |       |       ||   513
       Broad axe         |       |       |       |       |       |    73 |   329 |    28 |  1373 ||  1803
       Kick              |       |       |       |       |       |       |       |       |   497 ||   497
 Cast: Magic Dart        |    49 |    35 |   117 |   367 |   248 |    20 |     6 |     3 |    16 ||   861
       Call Imp          |     1 |    20 |    44 |     5 |       |       |       |       |       ||    70
       Mephitic Cloud    |       |     5 |    16 |    39 |    35 |       |       |       |       ||    95
       Blink             |       |     2 |    10 |    16 |    26 |     2 |     2 |     3 |    10 ||    71
       Iskenderun's Batt |       |       |     7 |    67 |    62 |     4 |     1 |     1 |     9 ||   151
       Bolt of Magma     |       |       |       |    29 |   314 |   144 |   176 |   325 |   359 ||  1347
       Iskenderun's Myst |       |       |       |       |    32 |    17 |     3 |     3 |     7 ||    62
       Orb of Destructio |       |       |       |       |    39 |   206 |    90 |   114 |   316 ||   765
       Apportation       |       |       |       |       |     2 |       |       |       |    44 ||    46
       Ozocubu's Refrige |       |       |       |       |       |   130 |   187 |   164 |   560 ||  1041
       Fire Storm        |       |       |       |       |       |       |       |     7 |    80 ||    87
       Sublimation of Bl |       |       |       |       |       |       |       |       |   153 ||   153
       Absolute Zero     |       |       |       |       |       |       |       |       |   257 ||   257
       Tornado           |       |       |       |       |       |       |       |       |   108 ||   108
       Ignition          |       |       |       |       |       |       |       |       |    51 ||    51
Invok: Curse Item        |       |       |     4 |     1 |     1 |     2 |     1 |     3 |     4 ||    16
       Scrying           |       |       |       |       |       |     1 |     1 |     1 |     5 ||     8
       Transfer Knowledg |       |       |       |       |       |       |       |     6 |     1 ||     7
 Abil: Evoke Flight      |       |       |       |       |       |       |       |     8 |       ||     8
       Stop Flying       |       |       |       |       |       |       |       |     4 |       ||     4
Evoke: Wand              |       |       |     1 |     1 |     1 |     2 |     1 |     3 |     1 ||    10
       Box of beasts     |       |       |       |       |       |     1 |     1 |     1 |       ||     3
       Condenser vane    |       |       |       |       |       |       |     1 |       |     1 ||     2
       Phantom mirror    |       |       |       |       |       |       |       |     1 |     1 ||     2
       Phial of floods   |       |       |       |       |       |       |       |       |     1 ||     1
  Use: Scroll            |       |     2 |    14 |     5 |     9 |    11 |    11 |     2 |    16 ||    70
       Potion            |       |       |     5 |       |     2 |     3 |     2 |     1 |     9 ||    22
 Stab: Sleeping          |     1 |     1 |     1 |     3 |     4 |     2 |     5 |       |     1 ||    18
       Confused          |       |     3 |     6 |    17 |    10 |       |       |       |       ||    36
       Distracted        |       |     1 |     1 |     1 |     1 |       |     1 |       |     1 ||     6
Armor: Robe              |    44 |    21 |   113 |    68 |   119 |    25 |       |       |       ||   390
       Troll leather arm |       |       |       |       |       |    27 |    40 |       |       ||    67
       Fire dragon scale |       |       |       |       |       |       |    64 |   180 |   730 ||   974
Dodge: Dodged            |    99 |    49 |   170 |   130 |   313 |   107 |   114 |   105 |   519 ||  1606
Block: Kite shield       |       |       |       |       |       |    87 |   178 |   280 |    67 ||   612
       Tower shield      |       |       |       |       |       |       |       |       |  2497 ||  2497
